 Dungeon Crawl Stone Soup version 0.21-a0-426-g98080a9 (webtiles) character file.

332 kae the Insei (level 6, 0/51 HPs)
             Began as a Draconian Transmuter on Nov 7, 2017.
             Slain by Duvessa
             ... wielding a +0 short sword
              (4 damage)
             ... on level 6 of the Dungeon.
             The game lasted 00:03:58 (2690 turns).

kae the Insei (Draconian Transmuter)                Turns: 2690, Time: 00:03:58

Health: 0/51       AC:  2    Str: 12    XL:     6   Next: 26%
Magic:  8/10       EV: 19    Int: 14    God:
Gold:   222        SH:  0    Dex: 18    Spells: 5/11 levels left

rFire    . . .     SeeInvis .     - Unarmed
rCold    . . .     Gourm    .   (shield currently unavailable)
rNeg     . . .     Faith    .   (armour unavailable)
rPois    x         Spirit   .   (helmet currently unavailable)
rElec    .         Reflect  .   (cloak currently unavailable)
rCorr    .         Harm     .   (gloves currently unavailable)
MR       .....                  (boots currently unavailable)
Stlth    +.........             d - amulet of regeneration
HPRegen  0.57/turn              (no ring)
MPRegen  0.12/turn              (no ring)

@: spider-form (expiring), glowing
A: unfitting armour, AC +6
a: End Transformation


You were on level 6 of the Dungeon.
You were not hungry.
You were a venomous arachnid creature.
You visited 1 branch of the dungeon, and saw 4 of its levels.

You collected 222 gold pieces.

Inventory:

Missiles
 a - 73 arrows
Jewellery
 d - an amulet of regeneration (around neck)
 h - an uncursed ring of protection from fire {unknown}
Wands
 j - a wand of random effects (26/48)
Scrolls
 f - a scroll of enchant armour
 g - 3 scrolls of amnesia
 i - 2 scrolls of remove curse
 k - a scroll of noise
 l - a scroll of identify
Potions
 e - a potion of agility
 n - a potion of magic
 p - 2 potions of degeneration {unknown}
 q - 5 potions of lignification {unknown}
 s - 2 potions of ambrosia {unknown}
Books
 b - a book of Changes

   Spells                             Type                      Level
   a - Beastly Appendage              Transmutation                1
   b - Sticks to Snakes               Transmutation                2
   c - Spider Form                    Transmutation/Poison         3
   d - Ice Form                       Ice/Transmutation            4
   e - Blade Hands                    Transmutation                5
Comestibles
 c - 2 bread rations
 o - a royal jelly


   Skills:
 + Level 3.2 Fighting
 - Level 1.8 Dodging
 * Level 5.0 Unarmed Combat
 + Level 3.2 Spellcasting
 + Level 3.3 Transmutations


You had 5 spell levels left.
You knew the following spells:

 Your Spells              Type           Power        Failure   Level  Hunger
a - Beastly Appendage     Tmut           ##....       16%         1    #......
b - Sticks to Snakes      Tmut           ##......     22%         2    ##.....
c - Spider Form           Tmut/Pois      #.........   54%         3    ###....


Dungeon Overview and Level Annotations

Branches:
Dungeon (6/15)
 Temple: D:4-7

Altars:
Fedhas
Makhleb
Qazlal
Ru
Sif Muna
Xom
The Shining One

Annotations:
D:3 Natasha
D:6 Dowan, Duvessa


Innate Abilities, Weirdness & Mutations

((Your plain brown scales are hard. (AC +6)))
You cannot fit into any form of body armour.
((You are cold-blooded and may be slowed by cold attacks.))


Message History

You hit Duvessa but do no damage.
Duvessa looks as sick as possible!
Duvessa is lightly wounded.
Duvessa misses you. The jelly barely misses you.
You completely miss Duvessa.
Duvessa is lightly wounded.
Duvessa hits you but does no damage.
You hit Duvessa.
Duvessa is moderately wounded.
Your transformation is almost over.
Duvessa closely misses you. The jelly hits you.
You are splashed with acid!
The acid burns!
Dowan gestures at you while chanting. The puff of frost hits you!
* * * LOW HITPOINT WARNING * * *
Duvessa barely misses you.
You hit the jelly.
Your front legs burn!
* * * LOW HITPOINT WARNING * * *
The jelly is moderately wounded.
The jelly closely misses you. Duvessa hits you with a short sword.
You die...

#. #.##+#######
#..........#
#.#........#
..........##
#####.........#
..........###.###
#....J.#≈....#
#...##s#.....#..
#...##e..._.....
#...####.....#..
#####...# #....§#
#.......# ###e###
#.......# ...
#######......##
#...
#............#
....
..#.##########
....


You could see Duvessa, Dowan and a jelly.

Vanquished Creatures
  The ghost of kae the Firebug, an amateur TeFE of Vehumet (D:3)
  A big kobold (D:6)
  Robin (D:3)
  5 adders
  2 oozes (D:3)
  A worm (D:2)
  4 dart slugs
  3 leopard geckos
  2 orcs
  A ball python (D:3)
  7 bats
  3 giant cockroaches
  14 goblins
  8 hobgoblins
  4 jackals (D:3)
  25 kobolds
  3 quokkas
  4 frilled lizards
  7 rats
96 creatures vanquished.

Vanquished Creatures (collateral kills)
  A bat (D:3)
1 creature vanquished.

Vanquished Creatures (others)
  2 plants (D:6)
2 creatures vanquished.

Grand Total: 99 creatures vanquished

Notes
Turn   | Place    | Note
-------+----------+-------------------------------------------
     0 | D:1      | kae the Draconian Transmuter began the quest for the Orb.
     0 | D:1      | Reached XP level 1. HP: 16/16 MP: 3/3
    94 | D:1      | Reached XP level 2. HP: 16/23 MP: 5/5
   663 | D:1      | Reached XP level 3. HP: 29/29 MP: 6/6
  1343 | D:2      | Reached XP level 4. HP: 23/36 MP: 7/7
  1452 | D:2      | Learned a level 2 spell: Sticks to Snakes
  1456 | D:2      | Learned a level 3 spell: Spider Form
  1665 | D:3      | Noticed kae's ghost (amateur TeFE)
  1682 | D:3      | Killed kae's ghost
  1682 | D:3      | Reached skill level 4 in Unarmed Combat
  1682 | D:3      | Reached XP level 5. HP: 33/42 MP: 4/9
  1785 | D:3      | Noticed Natasha
  1806 | D:3      | Found a shimmering altar of Xom.
  2029 | D:3      | Noticed Robin
  2051 | D:3      | Killed Robin
  2104 | D:3      | Found a blossoming altar of Fedhas.
  2105 | D:3      | Found a sacrificial altar of Ru.
  2105 | D:3      | Found a glowing golden altar of the Shining One.
  2125 | D:3      | Found a deep blue altar of Sif Muna.
  2246 | D:3      | Found a burning altar of Makhleb.
  2502 | D:3      | You fall through a shaft for 3 floors!
  2521 | D:6      | Reached XP level 6. HP: 45/51 MP: 7/10
  2539 | D:6      | Reached skill level 5 in Unarmed Combat
  2677 | D:6      | Found a stormy altar of Qazlal.
  2677 | D:6      | Noticed Dowan
  2678 | D:6      | Noticed Duvessa
  2690 | D:6      | Slain by Duvessa

Vault maps used:
D:1:      lemuel_arrival_funnel, corexii_item_surrounded_by_moat
D:3:      xom_butterflies, nicolae_overflow_quartered_altars, bloody_makhleb,
          uniq_natasha, uniq_robin
D:6:      kennysheep_kobold_camp, grunt_qazlal_clouds,
          overflow_temple_1_default, old_standard_altar, lemuel_oklob_altar,
          uniq_duvessa

Skill      XL: |  1  2  3  4  5  6 |
---------------+-------------------+-----
Fighting       | 2 3 |  3.2
Unarmed Combat | 4 5 |  5.0
Transmutations | 3 |  3.3
Spellcasting   | 3 |  3.2
Dodging        | |  1.8

Action                   |  1- 3 |  4- 6 || total
-------------------------+-------+-------++-------
Melee: Unarmed           |   147 |   208 ||   355
       Tailslap          |     9 |    12 ||    21
       Punch             |     1 |     5 ||     6
       Dagger            |    22 |       ||    22
       Headbutt          |       |     2 ||     2
       Kick              |       |     1 ||     1
 Cast: Beastly Appendage |     1 |     3 ||     4
       Sticks to Snakes  |       |     3 ||     3
       Spider Form       |       |     3 ||     3
  Use: Scroll            |     9 |     1 ||    10
       Potion            |     3 |     1 ||     4
 Stab: Invisible         |     2 |       ||     2
       Sleeping          |     1 |     1 ||     2
  Eat: Chunk             |     1 |     6 ||     7
Armor: Skin              |    61 |    62 ||   123
Dodge: Dodged            |   112 |   153 ||   265

Table legend:
 A = Spawn XP
 B = Non-spawn XP
 C = Spawn XP percentage of total XP
 D = Spawn monster count
 E = Non-spawn monster count
 F = Spawn count percentage of total count
 G = Total turns spent on level
                    A         B        C        D         E        F      G
               +---------+---------+-------+---------+---------+-------+---------
         Total |       0 |     475 |   0.0 |       0 |      97 |   0.0 |  2690
               +---------+---------+-------+---------+---------+-------+---------
           D:1 |       0 |      43 |   0.0 |       0 |      21 |   0.0 |   740
           D:2 |       0 |      72 |   0.0 |       0 |      21 |   0.0 |   925
           D:3 |       0 |     234 |   0.0 |       0 |      34 |   0.0 |   837
           D:6 |       0 |     126 |   0.0 |       0 |      21 |   0.0 |   188
               +---------+---------+-------+---------+---------+-------+---------
